 Dungeon Crawl Stone Soup version 0.24-a0-813-g0f74319 (webtiles) character file.

Game seed: 15411064783349411243, levelgen mode: deterministic

885 Faca the Skirmisher (level 8, 0/53 HPs)
             Began as a Gargoyle Earth Elementalist on Oct 9, 2019.
             Slain by an orc warrior
             ... wielding a +0 mace
              (7 damage)
             ... on level 6 of the Dungeon on Oct 12, 2019.
             The game lasted 00:18:09 (5138 turns).

Faca the Skirmisher (Gargoyle Earth Elementalist)   Turns: 5138, Time: 00:18:09

Health: 0/53       AC: 12    Str: 13    XL:     8   Next: 5%
Magic:  8/11       EV: 10    Int: 17    God:
Gold:   294        SH:  0    Dex: 10    Spells: 7/11 levels left

rFire    + + .     SeeInvis .   v - +0 morningstar
rCold    . . .     Gourm    .   (no shield)
rNeg     + . .     Faith    .   x - +1 ring mail {rF+}
rPois    ∞         Spirit   .   u - +0 helmet
rElec    +         Reflect  .   (no cloak)
rCorr    +         Harm     .   (no gloves)
MR       .....                  (no boots)
Stlth    +.........             (no amulet)
HPRegen  0.17/turn              f - ring of resist corrosion
MPRegen  0.12/turn              y - ring of protection from fire

@: no status effects
A: negative energy resistance 1, electricity resistance, unbreathing,
petrification resistance, rot immunity, AC +5
a: no special abilities


You were on level 6 of the Dungeon.
You were not hungry.

You visited 1 branch of the dungeon, and saw 5 of its levels.
You also visited: Sewer.

You collected 294 gold pieces.

Inventory:

Hand Weapons
 i - a +0 whip
 v - a +0 morningstar (weapon)
Missiles
 b - 285 stones (quivered)
 l - 19 poisoned darts
Armour
 u - a +0 helmet (worn)
 x - a +1 ring mail of fire resistance (worn)
Jewellery
 f - a ring of resist corrosion (left hand)
 n - an uncursed ring of fire
 y - a ring of protection from fire (right hand)
Scrolls
 e - 2 scrolls of teleportation {unknown}
 g - a scroll of immolation {unknown}
 j - 4 scrolls of remove curse {unknown}
 k - 2 scrolls of enchant armour {unknown}
 m - 4 scrolls of identify {unknown}
 o - 2 scrolls of magic mapping {unknown}
 q - a scroll of amnesia {unknown}
 s - a scroll of noise {unknown}
Potions
 a - 4 potions of degeneration {unknown}
 c - a potion of ambrosia {unknown}
 h - 2 potions of mutation {unknown}
 p - a potion of flight {unknown}
 r - 2 potions of curing {unknown}
 t - 3 potions of might {unknown}
 z - a potion of berserk rage {unknown}
Comestibles
 d - 9 rations


   Skills:
 + Level 7.0 Fighting
 + Level 5.7 Maces & Flails
 - Level 1.5 Dodging
 - Level 2.1 Stealth
 - Level 2.0 Spellcasting
   Level 0.7 Transmutations
 - Level 3.6 Earth Magic


You had 7 spell levels left.
You knew the following spells:

 Your Spells              Type           Power        Failure   Level  Hunger
a - Sandblast             Erth           ##....       10%         1    #......
b - Stone Arrow           Conj/Erth      #.....       52%         3    ###....

Your spell library contained the following spells:

 Spells                   Type           Power        Failure   Level  Hunger
 Passwall                 Tmut/Erth      #.......     26%         2    ###....
 Swiftness                Chrm/Air       #.......     54%         2    ###....
 Petrify                  Tmut/Erth      #.......     86%         4    #####..
 Lee's Rapid Deconstruct  Erth           ##........   95%         5    ######.
 Passage of Golubria      Tloc           N/A          99%         4    #####..
 Darkness                 Hex            #.........   100%        6    #######
 Invisibility             Hex            #.......     100%        6    #######


Dungeon Overview and Level Annotations

Branches:
Dungeon (4/15)              Sewer (visited)
 Temple: D:4-7

Altars:
Ashenzari
Gozag
Ru
Sif Muna
Wu Jian


Innate Abilities, Weirdness & Mutations

You are resistant to torment.
Your stone body is resilient. (AC +5)
You are immune to poison.
You resist negative energy. (rN+)
You are resistant to electric shocks. (rElec)
You can survive without breathing.
You are immune to petrification.
You are immune to rotting.


Message History

The orc warrior hits you with a +0 mace.
You hit the orc warrior.
The orc warrior is heavily wounded.
The orc barely misses you.
The orc warrior hits you with a +0 mace!
* * * LOW HITPOINT WARNING * * *
The orc hits you but does no damage.
You sock the orc warrior!
The orc warrior is almost dead.
The orc warrior hits you with a +0 mace.
* * * LOW HITPOINT WARNING * * *
The orc hits you from afar with a +0 trident.
* * * LOW HITPOINT WARNING * * *
You closely miss the orc warrior.
The orc warrior is almost dead.
The orc warrior barely misses you. The orc barely misses you.
You closely miss the orc warrior.
The orc warrior is almost dead.
The orc warrior hits you with a +0 mace!
You die...

#########.....#
#.≈≈≈≈÷##.##
#≈≈≈≈..##(#
#≈≈≈...##.#
#≈≈≈..###.#
#≈≈...# #.#
#..##### #.#
#..## #.#
#..... #@#
##.##.. #o#
.....##o#
#....# #.##.#
#....## ###...#
#...# #...#


You could see an orc warrior and an orc.

Vanquished Creatures
  Prince Ribbit (D:6)
  Grinder (D:3)
  Purgy (Sewer)
  A howler monkey (D:4)
  A hound (D:4)
  An orc priest (D:3)
  An iguana (D:6)
  A worker ant (D:6)
  Robin (D:3)
  7 gnolls
  8 adders
  4 worms
  8 orcs
  9 bats
  6 giant cockroaches
  11 hobgoblins
  3 jackals
  7 kobolds
  4 quokkas
  2 ball pythons
  7 frilled lizards
  16 goblins
  18 rats
119 creatures vanquished.

Notes
Turn   | Place    | Note
-------+----------+-------------------------------------------
     0 | D:1      | Faca the Gargoyle Earth Elementalist began the quest for
                  | the Orb.
     0 | D:1      | Reached XP level 1. HP: 10/10 MP: 3/3
    93 | D:1      | Reached skill level 1 in Fighting
   130 | D:1      | Reached XP level 2. HP: 17/17 MP: 5/5
   159 | D:1      | Reached skill level 2 in Fighting
   715 | D:1      | You fall into a shaft and drop 1 floor!
   721 | D:2      | Reached XP level 3. HP: 22/22 MP: 6/6
   833 | D:2      | Reached skill level 3 in Fighting
   833 | D:2      | Reached skill level 1 in Maces & Flails
  1197 | D:1      | Reached XP level 4. HP: 28/28 MP: 7/7
  1906 | D:2      | Found a shimmering blue altar of Sif Muna.
  1993 | D:2      | Found an opulent altar of Gozag.
  2271 | D:3      | Learned a level 3 spell: Stone Arrow
  2524 | D:3      | Found a shattered altar of Ashenzari.
  2693 | D:3      | Reached skill level 4 in Fighting
  2693 | D:3      | Reached XP level 5. HP: 21/33 MP: 1/8
  3085 | D:3      | Found an ornate altar of the Wu Jian Council.
  3144 | D:3      | Found a sacrificial altar of Ru.
  3170 | D:3      | Noticed Grinder
  3173 | D:3      | Paralysed by Grinder for 2 turns
  3195 | D:3      | Paralysed by Grinder for 5 turns
  3200 | D:3      | Killed Grinder
  3200 | D:3      | Reached skill level 5 in Fighting
  3200 | D:3      | Reached XP level 6. HP: 23/40 MP: 1/9
  3327 | D:4      | Upgraded the game from 0.24-a0-788-g2b66604 to
                  | 0.24-a0-813-g0f74319
  3662 | D:4      | Noticed Robin
  4025 | D:3      | Reached XP level 7. HP: 14/44 MP: 7/10
  4247 | D:3      | Killed Robin
  4522 | D:4      | Reached skill level 6 in Fighting
  4555 | D:4      | You fall into a shaft and drop 2 floors!
  4568 | D:6      | Noticed Prince Ribbit
  4585 | D:6      | Killed Prince Ribbit
  4585 | D:6      | Reached skill level 5 in Maces & Flails
  4615 | D:6      | Found a glowing drain.
  4769 | Sewer    | Entered a sewer
  4894 | Sewer    | Noticed Purgy
  4906 | Sewer    | Killed Purgy
  4906 | Sewer    | Reached skill level 7 in Fighting
  4906 | Sewer    | Reached XP level 8. HP: 28/53 MP: 6/11
  5138 | D:6      | Slain by an orc warrior

Levels and vault maps discovered:
D:1:      minmay_arrival_up_and_down, layout_loops_ring
D:2:      layout_rooms, old_standard_altar, overflow_temple_1_default,
          first_ration, minmay_hexomino_c4
D:3:      layout_basic, nicolae_ru_path_of_blood, cheibrodos_ashenzari_chains,
          marbit_many_paths, uniq_grinder
D:4:      layout_basic, minmay_temple_entry_enclosed_plants, st_stairs_10,
          minmay_a_box_with_orc_wizards_in_it, uniq_robin
D:6:      minmay_angry_zag, layout_rooms, portal_sewer_entry_b, basic_altar,
          uniq_prince_ribbit1

Skill      XL: |  1  2  3  4  5  6  7 |
---------------+----------------------+-----
Fighting       | 1 2 3 4 5 7 |  7.0
Maces & Flails | 1 2 3 4 5 |  5.7
Dodging        | |  1.5
Stealth        | |  2.1
Spellcasting   | |  2.0
Transmutations | |  0.7
Earth Magic    | |  3.6

Action                   |  1- 3 |  4- 6 |  7- 9 || total
-------------------------+-------+-------+-------++-------
Melee: Unarmed           |    94 |       |       ||    94
       Whip              |    69 |   271 |   195 ||   535
       Morningstar       |       |       |     5 ||     5
Throw: Stone             |     3 |       |       ||     3
 Cast: Sandblast         |    12 |    20 |    14 ||    46
 Stab: Sleeping          |     4 |     5 |       ||     9
  Eat: Chunk             |     1 |    10 |     4 ||    15
Armor: Robe              |    37 |    40 |       ||    77
       Ring mail         |       |    97 |   112 ||   209
Dodge: Dodged            |   106 |   187 |   131 ||   424

Table legend:
 A = Non-vault XP
 B = Vault XP
 C = Vault XP percentage of total XP
 D = Non-vault monster count
 E = Vault monster count
 F = Vault count percentage of total count
                 A         B        C        D         E       F
            +---------+---------+-------+---------+---------+-------
      Total |     517 |     748 |  59.1 |      85 |      34 |  28.6
            +---------+---------+-------+---------+---------+-------
        D:1 |      60 |       0 |   0.0 |      32 |       0 |   0.0
        D:2 |      48 |      29 |  37.7 |      17 |       7 |  29.2
        D:3 |     139 |     283 |  67.1 |      20 |       5 |  20.0
        D:4 |     177 |      18 |   9.2 |      10 |       9 |  47.4
        D:6 |      93 |     285 |  75.4 |       6 |       7 |  53.8
      Sewer |       0 |     133 | 100.0 |       0 |       6 | 100.0
            +---------+---------+-------+---------+---------+-------
